Arrhythmia, chaotic female vampiric Convict ---- -----..--. ..)....)... ---...}.%.. |.^%....- --..@... -------@@.. ---..----@... |.....--...-- --..........| |.........--- |......|..| --.....|--- ---.--- --- Arrhythmia the Jail-bird Experience level: 7 Strength: 14 Dexterity: 14 Constitution: 18 Intelligence: 14 Wisdom: 8 Charisma: 7 Health: 0(74) Energy: 38(38) AC: 0 Gold: 62 Moves: 2486 Your Inventory: Coins $ - 62 gold pieces Weapons o - an [uncursed +0] dagger w - 2 [uncursed +2] daggers Armor b - a cursed +0 striped shirt k - a [blessed] +2 hooded cloak [dwarvish] (being worn) l - an [uncursed] +0 pair of jackboots [high] (being worn) r - an [uncursed] +0 iron skull cap [orcish helm] (being worn) y - an [uncursed] +0 elven mithril-coat (being worn) z - a [cursed -1] mummy wrapping Q - a [cursed +0] Hawaiian shirt R - a [cursed +0] hooded cloak [dwarvish] S - a [cursed +1] pair of hard shoes [iron] Scrolls N - a [cursed] scroll labeled HACKEM MUCHE [of fire] P - a [cursed] scroll labeled EIRIS SAZUN IDISI [of identify] Spellbooks U - a [cursed] psychedelic spellbook [of extra healing] Potions e - an [uncursed] potion of oil s - an [uncursed] clear potion [of water] A - an [uncursed] indigo potion [of see invisible] D - an [uncursed] milky potion [of extra healing] E - an [uncursed] murky potion [of speed] F - an [uncursed] smoky potion [of object detection] Rings i - a [cursed] mithril ring [of polymorph] B - a [cursed] platinum ring [of teleport control] O - a [cursed] ivory ring [of warning] Wands I - an [uncursed] silver wand [of undead turning (1:0)] K - a [cursed] cedar wand [of create monster (0:1)] L - a [cursed] short wand [of striking (0:6)] Tools v - an [uncursed +0] unicorn horn C - an [uncursed] credit card G - an [uncursed] looking glass [mirror] V - a [cursed wax] candle X - a [cursed] partly used [wax] candle (lit) Y - a [cursed] skeleton key Gems a - a [cursed] blue gem [worthless glass] c - a [cursed] green gem [worthless glass] d - an [uncursed] orange gem [worthless glass] f - an [uncursed] orange gem [agate] g - 2 [cursed] red gems [worthless glass] h - an [uncursed] blue gem [turquoise] j - an [uncursed] violet gem [worthless glass] m - 3 [uncursed] red gems [worthless glass] n - a [cursed] white gem [worthless glass] p - an [uncursed] blue gem [worthless glass] q - 2 [uncursed] white gems [worthless glass] t - a [cursed] yellow gem [worthless glass] u - a [cursed] yellowish brown gem [topaz] x - an [uncursed] red gem [jasper] Z - 2 [cursed] black gems [worthless glass] Spells known in the end: Name Level Category Fail Memory Your skills at the end: Fighting Skills Weapon Skills sling [Basic / Skilled] Spellcasting Skills Final Attributes: You were piously aligned. Hunger level was 128. Your alignment was 22 / 22. Monster difficulty range was 0 - 6. Level difficulty was 5. You were immune to poison. You were immune to level-drain. You were immune to sickness. You could fly. You could survive without air. You regenerated. Your luck was zero. You are dead. Vanquished creatures: a gray unicorn a mountain nymph 2 rock moles 2 shriekers 4 gnome lords 2 kobold mummies 6 dwarves 2 kobold shamans 6 hill orcs 2 rothes a centipede 2 iguanas 2 killer bees 2 coyotes 4 hobbits 2 giant rats a cave spider a yellow mold 26 gnomes a gecko a kobold a sewer rat 4 grid bugs 3 bats 2 lichens a newt 82 creatures vanquished. Voluntary challenges: You went without food. You never hit with a wielded weapon. You read items or engraved 246 times. You put on armor 12 times. You never genocided any monsters. You never polymorphed an object. You never changed form. You used no wishes. You wrote Elbereth's name 118 times. You encountered 1 bones level. You never used any Sokoban shortcuts. Dungeon overview: The Dungeons of Doom: levels 1 to 2 Level 1 a long staircase Level 2 stairs to The Gnomish Mines The Gnomish Mines: levels 3 to 5 Level 3 stairs to The Dungeons of Doom Level 5 <- You were here History has recorded: On T:1 you entered the Dungeons of Doom to retrieve the Amulet of Yendor! On T:270 you reached level 2 of The Dungeons of Doom. On T:329 you reached level 1 of The Gnomish Mines. On T:332 you advanced to experience level 2. On T:340 you advanced to experience level 3. On T:424 you advanced to experience level 4. On T:767 you advanced to experience level 5. On T:1123 you reached level 2 of The Gnomish Mines. On T:1226 you advanced to experience level 6. On T:1395 you advanced to experience level 7. On T:2214 you reached level 3 of The Gnomish Mines. Latest messages: You add "Elbereth" with your fingers to the scrawl on the floor. The Woodland-elf thrusts his runed short sword. The Woodland-elf misses. The Woodland-elf swings her runed broadsword. The Woodland-elf hits! [HP-8=50] You add "Elbereth" with your fingers to the scrawl on the floor. The Woodland-elf thrusts his runed short sword. The Woodland-elf hits! The Woodland-elf swings her runed broadsword. The Woodland-elf hits! [HP-17=33] You add "Elbereth" with your fingers to the scrawl on the floor. The Woodland-elf thrusts his runed short sword. The Woodland-elf hits! The Woodland-elf swings her runed broadsword. The Woodland-elf hits! [HP-25=8] You add "Elbereth" with your fingers to the scrawl on the floor. The Woodland-elf picks up a runed dagger. The Woodland-elf thrusts his runed short sword. The Woodland-elf misses. The Woodland-elf swings her runed broadsword. The Woodland-elf hits! You die... Final status: Goodbye Arrhythmia the Convict... You died in The Gnomish Mines on dungeon level 5 with 2772 points, and 62 pieces of gold, after 2486 moves. You were level 7 with a maximum of 74 hit points when you died.